 Dungeon Crawl Stone Soup version 0.23.2-40-g277498a001 (webtiles) character file.

Game seed: 4361731019052338488

627 Descartes the Firebug (level 7, -12/45 HPs)
             Began as a Formicid Wanderer on Aug 26, 2019.
             Mangled by Menkaure (14 damage)
             ... on level 4 of the Dungeon.
             The game lasted 00:13:26 (6229 turns).

Descartes the Firebug (Formicid Wanderer)           Turns: 6229, Time: 00:13:26

Health: -12/45     AC:  8    Str: 18    XL:     7   Next: 76%
Magic:  11/11      EV:  7    Int: 14    God:
Gold:   100        SH:  3    Dex: 10    Spells: 10/12 levels left

rFire    . . .     SeeInvis +   h - +2 dagger (drain)
rCold    . . .     Gourm    .   l - +0 buckler
rNeg     . . .     Faith    .   b - +0 chain mail
rPois    .         Spirit   .   (helmet unavailable)
rElec    .         Reflect  .   (no cloak)
rCorr    .         Harm     .   (no gloves)
MR       .....                  (no boots)
Stlth    ..........             y - amulet of the acrobat
HPRegen  0.15/turn              a - ring of wizardry
MPRegen  0.12/turn              n - +4 ring of intelligence

@: no status effects
A: permanent stasis, dig shafts and tunnels, four strong arms, antennae 3, dopey
1, frail 1, wild magic 1
a: Dig, Shaft Self


You were on level 4 of the Dungeon.
You were very hungry.

You visited 1 branch of the dungeon, and saw 4 of its levels.

You collected 100 gold pieces.

Inventory:

Hand Weapons
 h - a +2 dagger of draining (weapon)
 k - a +0 vampiric spear
 t - a +2 dagger of flaming
 w - a +0 falchion
Missiles
 g - 92 stones (quivered)
 m - 13 arrows
 q - 9 tomahawks
 u - 3 needles of sleeping
Armour
 b - a +0 chain mail (worn)
 d - a +0 robe
 l - a +0 buckler (worn)
Jewellery
 a - a ring of wizardry (left hand)
 n - a +4 ring of intelligence (right hand)
 y - an amulet of the acrobat (around neck)
Scrolls
 i - a scroll of noise {unknown}
 r - a scroll of teleportation {unknown}
 s - a scroll of enchant armour {unknown}
 v - a scroll of magic mapping {unknown}
Potions
 c - a potion of ambrosia
 e - a potion of flight {unknown}
 j - 2 potions of lignification
 o - a potion of brilliance
 p - 2 potions of curing
 x - a potion of heal wounds {unknown}
Comestibles
 f - 7 rations


   Skills:
 + Level 2.7 Fighting
 + Level 1.9(2.1) Short Blades
 + Level 1.0(1.6) Long Blades
 - Level 1.0 Throwing
 * Level 2.6 Armour
 + Level 2.3 Dodging
 * Level 3.8 Stealth
 * Level 1.3 Shields
 - Level 3.3 Spellcasting
 - Level 1.9 Conjurations
 - Level 3.9 Fire Magic
 - Level 3.1 Poison Magic


You had 10 spell levels left.
You knew the following spells:

 Your Spells              Type           Power        Failure   Level  Hunger
a - Sting                 Conj/Pois      ##..         50%         1    #......
b - Flame Tongue          Conj/Fire      ##...        45%         1    #......

Your spell library contained the following spells:

 Spells                   Type           Power        Failure   Level  Hunger
 Magic Dart               Conj           ##..         58%         1    #......
 Conjure Flame            Conj/Fire      ##......     80%         3    ###....
 Ignite Poison            Fire/Tmut/Pois ##......     86%         3    ###....
 Mephitic Cloud           Conj/Pois/Air  #.......     91%         3    ###....
 Call Imp                 Summ           #.......     92%         2    ##.....
 Slow                     Hex            #.......     92%         2    ##.....
 Blink                    Tloc           Unusable     N/A         2    N/A

Dungeon Overview and Level Annotations

Branches:
Dungeon (4/15)
 Temple: D:4-7

Altars:
Dithmenos
Elyvilon
Fedhas
Okawaru
Zin

Shops:
D:4 =

Annotations:
D:4 Menkaure


Innate Abilities, Weirdness & Mutations

You cannot be hasted, slowed, berserked, paralysed or teleported.
You can dig through walls and to a lower floor.
Your four strong arms can wield two-handed weapons with a shield.
You have a pair of large antennae on your head. (SInv)
You are dopey. (Int -2)
You are frail. (-10% HP)
Your spells are a little harder to cast, but a little more powerful.


Message History

Menkaure is moderately damaged.
Menkaure completely misses you.
You hit Menkaure.
Menkaure is heavily damaged.
Menkaure hits you!
* * * LOW HITPOINT WARNING * * *
You hit Menkaure.
Menkaure is heavily damaged.
Menkaure barely misses you.
The orc wizard hits you but does no damage.
You are too injured to fight recklessly!
You hit Menkaure.
Menkaure is heavily damaged.
Menkaure blazes with dark energy!
Menkaure hits you!
* * * LOW HITPOINT WARNING * * *
The orc wizard points at you and mumbles some strange words.
The magic dart hits you but does no damage.
Menkaure hits you!
You die...

########..# #. ...#......### ###
#..#........# .#.# ###.#
##.##.#########.#.# ##.#..
.#.##.#### #.##.#.# #....#
.#.#.....####..##.#.## ###....#
.#....รท........###.#.##{##...##..
.#.#....#....#<..##.#.###........
.#.###..#..###..@M##...#>........
##.##....#..#....o...............
#........#.....##................
#..##<...###.#...###....###......
.......=.....#.....))...##.M.....
.....##..........##..##.#......>.
............#....................
.....#......#............##......
.....#.........#..)......##......


You could see Menkaure and an orc wizard.

Vanquished Creatures
  A sky beast (D:3)
  A phantom (D:4)
  Blork the orc (D:4)
  A crimson imp (D:4)
  3 hounds
  A bullfrog skeleton (D:4)
  Natasha (thrice) (D:3)
  6 adders
  A white imp (D:4)
  An adder skeleton (D:4)
  4 worms
  3 dart slugs
  4 leopard geckos
  14 orcs
  2 giant cockroaches
  6 goblins
  7 hobgoblins
  6 jackals
  5 quokkas
  3 bats
  5 frilled lizards
  3 kobolds
  7 rats
88 creatures vanquished.

Notes
Turn   | Place    | Note
-------+----------+-------------------------------------------
     0 | D:1      | Descartes the Formicid Wanderer began the quest for the
                  | Orb.
     0 | D:1      | Descartes set off with the following items: a +0 club, a +0
                  | robe, a ration; and the following spells available to
                  | memorise: Flame Tongue, Magic Dart, Sting, Call Imp, Slow,
                  | Conjure Flame, Ignite Poison, Mephitic Cloud
     0 | D:1      | Reached XP level 1. HP: 15/15 MP: 3/3
     2 | D:1      | Learned a level 1 spell: Sting
     4 | D:1      | Learned a level 1 spell: Flame Tongue
   512 | D:1      | Reached XP level 2. HP: 21/21 MP: 5/5
   836 | D:2      | Reached skill level 1 in Poison Magic
   870 | D:2      | Found an iron altar of Okawaru.
   973 | D:2      | Reached XP level 3. HP: 22/26 MP: 6/6
  1630 | D:2      | Reached XP level 4. HP: 23/32 MP: 7/7
  1882 | D:2      | Found a white marble altar of Elyvilon.
  2015 | D:3      | Found a blossoming altar of Fedhas.
  2032 | D:2      | Reached skill level 1 in Armour
  2393 | D:3      | Reached skill level 1 in Conjurations
  2457 | D:3      | Found a glowing silver altar of Zin.
  2767 | D:3      | Reached XP level 5. HP: 3/38 MP: 8/8
  3076 | D:3      | Noticed Natasha
  3086 | D:3      | Killed Natasha
  3354 | D:3      | Reached skill level 1 in Short Blades
  3426 | D:3      | Noticed a sky beast
  3440 | D:3      | Killed a sky beast
  3440 | D:3      | Reached XP level 6. HP: 40/44 MP: 10/10
  3469 | D:3      | Noticed Natasha
  3480 | D:3      | Killed Natasha
  3987 | D:4      | Gained mutation: You are dopey. (Int -2) [potion of
                  | mutation]
  3987 | D:4      | Gained mutation: You are frail. (-10% HP) [potion of
                  | mutation]
  3987 | D:4      | Gained mutation: Your spells are a little harder to cast,
                  | but a little more powerful. [potion of mutation]
  4114 | D:4      | Reached XP level 7. HP: 14/45 MP: 11/11
  4752 | D:4      | Noticed Blork the orc
  4764 | D:4      | Killed Blork the orc
  4774 | D:4      | Found Wuptim's Jewellery Emporium.
  5201 | D:4      | Noticed Menkaure
  5259 | D:3      | Reached skill level 1 in Long Blades
  5396 | D:3      | Noticed Natasha
  5403 | D:3      | Killed Natasha
  5631 | D:4      | Found a shadowy altar of Dithmenos.
  6229 | D:4      | HP: 2/45 [Menkaure (9)]
  6229 | D:4      | Mangled by Menkaure

Skill      XL: |  1  2  3  4  5  6  7 |
---------------+----------------------+-----
Poison Magic   | 1 2 3 |  3.1
Armour         | 1 2 |  2.6
Conjurations   | 1 |  1.9
Stealth        | 2 3 |  3.8
Short Blades   | 1 |  1.9
Fighting       | 2 |  2.7
Dodging        | 2 |  2.3
Spellcasting   | 3 |  3.3
Long Blades    | 1 |  1.0
Throwing       | |  1.0
Shields        | |  1.3
Fire Magic     | |  3.9

Action                   |  1- 3 |  4- 6 |  7- 9 || total
-------------------------+-------+-------+-------++-------
Melee: Dagger            |    86 |   222 |   179 ||   487
       Hand axe          |     5 |       |       ||     5
  Use: Scroll            |       |     8 |       ||     8
       Potion            |       |     1 |       ||     1
 Stab: Sleeping          |     1 |       |       ||     1
  Eat: Chunk             |     2 |     8 |     6 ||    16
Armor: Robe              |     3 |       |       ||     3
       Chain mail        |    27 |   109 |   113 ||   249
Dodge: Dodged            |    29 |    74 |   121 ||   224
Block: Buckler           |       |       |     8 ||     8
